cohdb
Replays
Latest Replays
All Replays
Popular Replays
Top Player Replays
Match Explorer
How It Works
Community
CoH3 Stats
Reddit
Sign in to upload your games and track your stats! →
Sign in with Steam
Match 45443857
Unlisted
Match 45443857
Overview
Messages
Build Orders
End
Selects Canadian Shock Battlegroup
Royal Engineer Section
Construct Section Command Post
Infantry Section
ML 3-inch Mortar Team
Infantry Section
Selects Attacking Spirit
Construct Platoon Command Post
Selects Canadian Shock Section
Selects Incendiary Munitions
Canadian Shock Section
Infantry Training
Grenade Package
Selects Pyrotechnics
6-pounder Anti-tank Gun Team
Canadian Shock Section
Construct Company Command Post
Unlock M3 Grant Medium Tanks
M3 Grant Medium Tank
Selects Churchill Crocodile Heavy Tank
Churchill Crocodile Heavy Tank
VvvV
Carecup
cheez931
HelpingHans
Grom
TFB_DAMOCLES
0
0
Comments
sign in to comment!
No comments posted yet!